 Dungeon Crawl Stone Soup version 0.29.0-5-ge4962eb29e (webtiles) character file.

Game seed: 15712152758358195957

245 sentinel the Digger (level 6, -1/45 HPs)
             Began as a Meteoran Earth Elementalist on Aug 29, 2022.
             Was an Initiate of Ashenzari.
             Slain by an adder (3 damage)
             ... on level 6 of the Dungeon.
             The game lasted 00:05:01 (557 turns).

sentinel the Digger (Meteoran Earth Elementalist)    Turns: 557, Time: 00:05:02

Health: -1/45      AC:  3    Str: 10    XL:     6   Next: 59%
Magic:  0/11       EV: 12    Int: 19    God:    Ashenzari [......]
Gold:   0          SH:  0    Dex: 14    Spells: 4/10 levels left

rFire   . . .      SeeInvis .   (no weapon)
rCold   . . .      Faith    .   (no shield)
rNeg    . . .      Spirit   .   a - +0 robe
rPois   .          Reflect  .   d - +0 helmet
rElec   .          Harm     .   (no cloak)
rCorr   .          Rampage  .   (no gloves)
Will    .....                   (no boots)
Stlth   +.........              (no amulet)
HPRegen 0.15/turn               (no ring)
MPRegen 0.12/turn               (no ring)

@: glowing
A: sense surroundings 1, otherworldly, glowing, explore regen
a: Renounce Religion


You were on level 6 of the Dungeon.
You worshipped Ashenzari.
Ashenzari was noncommittal.
You visited 2 branches of the dungeon, and saw 8 of its levels.

Inventory:

Armour
 a - a +0 robe (worn)
 d - a +0 helmet (worn)
Scrolls
 b - a scroll of teleportation {unknown}
Potions
 c - a potion of resistance {unknown}
 e - a potion of degeneration {unknown}
 f - 2 potions of heal wounds {unknown}


   Skills:
 - Level 2.4 Dodging
 - Level 1.4 Stealth
 - Level 2.6 Spellcasting
 * Level 5.0 Conjurations
 - Level 1.2 Transmutations
 + Level 6.0 Earth Magic


You had 4 spell levels left.
You knew the following spells:

 Your Spells              Type           Power      Damage    Failure   Level
a - Sandblast             Erth           50%        2d12      1%          1
b - Stone Arrow           Conj/Erth      46%        3d9       4%          3
c - Passwall              Tmut/Erth      13%        N/A       5%          2

Your spell library contained the following spells:

 Spells                   Type           Power      Damage    Failure   Level
 Petrify                  Tmut/Erth      16%        N/A       34%         4


Dungeon Overview and Level Annotations

Branches:
Dungeon (7/15) Zot: 3640   Temple (1/1) D:6 Zot: 569

Altars:
Ashenzari
Dithmenos
Nemelex Xobeh
Okawaru
Vehumet
Wu Jian

Annotations:
D:6 1 runed translucent door, p0werm0de's ghost, novice MiFi


Innate Abilities, Weirdness & Mutations

You passively map a small area around you.
You are easily found by Zot.
You glow in the dark.
You regain HP and MP as you explore.


Message History

Your magical contamination has completely faded away.
You have reached level 6!
You feel stronger.
You see here a +0 whip.
Casting: Sandblast (safe; 1% risk of failure)
Confirm with . or Enter, or press ? or * to list all spells.
Aiming: Passwall (safe; 6% risk of failure)
Press: ? - help, Dir - move target A rock wall.
You begin to meditate on the wall.
You continue meditating on the rock. x2
You finish merging with the rock.
Found a chain mail and 13 gold pieces.
Found a runed translucent door.
Unknown command.
P0werm0de's ghost turns its malevolent gaze towards you.
Casting: Passwall (safe; 6% risk of failure)
Confirm with . or Enter, or press ? or * to list all spells.
Aiming: Passwall (safe; 6% risk of failure)
Press: ? - help, Dir - move target A rock wall.
You begin to meditate on the wall.
You continue meditating on the rock. x2
You finish merging with the rock.
Casting: Passwall (safe; 6% risk of failure)
Confirm with . or Enter, or press ? or * to list all spells.
Aiming: Passwall (safe; 6% risk of failure)
Press: ? - help, Dir - move target A rock wall.
You begin to meditate on the wall.
You continue meditating on the rock. x2
Magic restored.
You finish merging with the rock.
Casting: Passwall (safe; 6% risk of failure)
Confirm with . or Enter, or press ? or * to list all spells.
Aiming: Passwall (safe; 6% risk of failure)
Press: ? - help, Dir - move target A rock wall.
You begin to meditate on the wall.
You continue meditating on the rock. x2
You finish merging with the rock.
The blast of sand hits the jelly!
The jelly is almost dead.
The jelly quivers.
The jelly hits you.
You are splashed with acid!
The blast of sand hits the jelly!
You kill the jelly!
Casting: Sandblast (safe; 1% risk of failure)
Confirm with . or Enter, or press ? or * to list all spells.
Aiming: Passwall (safe; 6% risk of failure)
Press: ? - help, Dir - move target A rock wall.
You begin to meditate on the wall.
You continue meditating on the rock. x2
You finish merging with the rock.
The blast of sand hits the jelly!
The jelly is heavily wounded.
The jelly quivers.
The blast of sand hits the jelly!
You kill the jelly!
An iguana comes into view.
The iguana hisses angrily.
The blast of sand hits the iguana.
The iguana is moderately wounded.
Casting: Sandblast (safe; 1% risk of failure)
Confirm with . or Enter, or press ? or * to list all spells.
Aiming: Stone Arrow (dangerous; 5% risk of failure)
Press: ? - help, Shift-Dir - straight line, f/p - iguana
Aim: an iguana (moderately wounded, 75% to hit)
The stone arrow hits the iguana!
The iguana is almost dead.
You barely miss the iguana.
The iguana is almost dead.
The iguana closely misses you.
Casting: Stone Arrow (dangerous; 5% risk of failure)
Confirm with . or Enter, or press ? or * to list all spells.
You don't know that spell.
The blast of sand hits the iguana.
You kill the iguana!
Your Conjurations skill increases to level 5!
Your Earth Magic skill increases to level 6!
Found a long sword.
Found an escape hatch in the ceiling.
You see here an iguana corpse.
Found a shadowy altar of Dithmenos.
An adder comes into view.
The adder moves out of view.
A white imp and a hound come into view.
The white imp shouts, "Turn tail, thou foisting swag-bellied zombie-fodder!"
The hound barks!
The white imp moves out of view.
You see here a +0 long sword.
The blast of sand misses the adder.
The adder bites you.
You are poisoned.
The adder poisons you! The adder bites you but does no damage.
Casting: Sandblast (safe; 1% risk of failure)
Confirm with . or Enter, or press ? or * to list all spells.
Aiming: Stone Arrow (dangerous; 4% risk of failure)
Press: ? - help, Shift-Dir - straight line, f/p - adder
Aim: an adder (53% to hit)
Okay, then.
Casting: Stone Arrow (dangerous; 4% risk of failure)
Confirm with . or Enter, or press ? or * to list all spells.
Aiming: Stone Arrow (dangerous; 4% risk of failure)
Press: ? - help, Shift-Dir - straight line, f - hound, p - adder
Aim: a hound (60% to hit)
You miscast Stone Arrow.
You are very lightly contaminated with residual magic.
Nothing appears to happen.
You feel sick. The adder bites you.
You are more poisoned.
The adder poisons you!
Casting: Stone Arrow (dangerous; 4% risk of failure)
Confirm with . or Enter, or press ? or * to list all spells.
Aiming: Stone Arrow (dangerous; 4% risk of failure)
Press: ? - help, Shift-Dir - straight line, f/p - hound
Aim: a hound (60% to hit)
The stone arrow misses the hound.
You feel sick. The adder bites you. x2
The hound bites you.
Casting: Stone Arrow (dangerous; 4% risk of failure)
Confirm with . or Enter, or press ? or * to list all spells.
Aiming: Sandblast (safe; 1% risk of failure)
Press: ? - help, Shift-Dir - straight line, f/p - hound
Aim: a hound (76% to hit)
Okay, then.
Okay, then.
You feel sick. The adder bites you but does no damage.
The adder attacks as you move away! The adder misses you.
You feel sick. The hound bites you but does no damage.
You feel sick.
You feel sick. The hound bites you. The hound attacks as you move away!
The hound barely misses you.
You feel sick. The hound attacks as you move away! The hound barely misses you.
The adder attacks as you move away! The adder bites you.
You feel sick. The hound bites you.
You feel sick.
You are no longer poisoned.
Casting: Sandblast (safe; 1% risk of failure)
Confirm with . or Enter, or press ? or * to list all spells.
You don't have enough magic to cast this spell.
Unknown command.
Unknown command.
The adder bites you. x2
Casting: Sandblast (safe; 1% risk of failure)
Confirm with . or Enter, or press ? or * to list all spells.
Aiming: Passwall (safe; 5% risk of failure)
Press: ? - help, Dir - move target, p - hound A rock wall.
The adder barely misses you.
Your magical contamination has completely faded away.
You begin to meditate on the wall.
You continue meditating on the rock.
The adder misses you. The white imp gestures at you.
The puff of frost hits you!
* * * LOW HITPOINT WARNING * * *
You continue meditating on the rock.
The adder bites you.
You die...

, , , , * * * ** , ,
, *, * **** .#, ,
*###.#, , , , *
*....# , , ,
.......###.#..#
.......#@._...# * ,
#......#S#5#..# ,# *
#......#h.....# .#
*, .......##.....#
<# #.... #.....#..#
, ..#....##.....#..#
, .......).........#
* *
#.#.....#.....#.##.#
*
........###.#†...#.#


You could see a hound, an adder and a white imp.

Vanquished Creatures
  An orc priest (D:4)
  2 jellies (D:6)
  2 iguanas (D:6)
  2 orc wizards (D:4)
  3 adders
  A worm (D:4)
  6 orcs
  3 endoplasms
  3 giant cockroaches
  2 goblins
  2 hobgoblins (D:2)
  A quokka (D:2)
  4 ball pythons (D:3)
  4 bats
  A frilled lizard (D:2)
  3 kobolds
  A rat (D:3)
41 creatures vanquished.

Notes
Turn   | Place    | Note
-------+----------+-------------------------------------------
     0 | D:1      | sentinel the Meteoran Earth Elementalist began the quest
                  | for the Orb.
     0 | D:1      | Reached XP level 1. HP: 14/14 MP: 5/5
    40 | D:1      | Found a faded altar of an unknown god.
    80 | D:2      | Reached skill level 4 in Earth Magic
    80 | D:2      | Reached XP level 2. HP: 20/20 MP: 4/6
   108 | D:3      | Reached XP level 3. HP: 21/26 MP: 1/8
   114 | D:3      | Learned a level 2 spell: Passwall
   118 | D:3      | Learned a level 3 spell: Stone Arrow
   155 | D:3      | Reached skill level 1 in Conjurations
   258 | D:4      | Reached skill level 5 in Earth Magic
   258 | D:4      | Reached XP level 4. HP: 13/33 MP: 0/9
   271 | D:4      | Reached XP level 5. HP: 5/38 MP: 2/10
   306 | D:5      | Entered Level 5 of the Dungeon
   361 | D:4      | Found an ornate altar of the Wu Jian Council.
   361 | D:4      | You fall into a shaft and drop 1 floor!
   391 | D:5      | Noticed a phantom
   392 | D:5      | Noticed a black bear
   404 | D:6      | Found a staircase to the Ecumenical Temple.
   420 | Temple   | Entered the Ecumenical Temple
   435 | Temple   | Became a worshipper of Ashenzari the Shackled
   491 | D:6      | Reached XP level 6. HP: 45/45 MP: 9/11
   499 | D:6      | Found a runed translucent door.
   499 | D:6      | Noticed p0werm0de's ghost (novice MiFi)
   537 | D:6      | Reached skill level 5 in Conjurations
   537 | D:6      | Reached skill level 6 in Earth Magic
   538 | D:6      | Found a shadowy altar of Dithmenos.
   556 | D:6      | HP: 2/45 [white imp/puff of frost (13)]
   557 | D:6      | Slain by an adder

Illustrated notes

Levels and vault maps discovered:
D:1:      eino_arrival_cavern_b, layout_rooms,
          chequers_ecumenical_altar_simple_redux
D:2:      minmay_door_path, layout_basic, grunt_ministairs_7,
          kennysheep_generic_room_4
D:3:      layout_rooms, gammafunk_ghost_nasty_kobolds, uniq_robin
D:4:      minmay_chambers_of_fours, layout_rooms, nzn_wu_jian_council_hall
D:5:      layout_loops_ring, mainiacjoe_overflow_brackets
D:6:      layout_basic, lemuel_crystal_altar, nicolae_overflow_crystal_walls,
          minmay_temple_entry_stoned_glass, gammafunk_ghost_grave,
          lemuel_another_geyser
D:7:      layout_gridville, marbit_many_paths, enter_bailey_3,
          doesnt_shop_hydraphobe
Temple:   jpeg_temple_clearing

Skill      XL: |  1  2  3  4  5  6 |
---------------+-------------------+-----
Earth Magic    | 4 5 6 |  6.0
Conjurations   | 2 3 4 5 |  5.0
Dodging        | |  2.4
Stealth        | |  1.4
Spellcasting   | |  2.6
Transmutations | |  1.2

Action                   |  1- 3 |  4- 6 || total
-------------------------+-------+-------++-------
Melee: Unarmed           |     2 |     3 ||     5
 Cast: Sandblast         |    30 |    31 ||    61
       Stone Arrow       |     2 |     6 ||     8
       Passwall          |       |    12 ||    12
  Use: Scroll            |     1 |     2 ||     3
       Potion            |       |     2 ||     2
 Stab: Sleeping          |     1 |       ||     1
Armor: Robe              |     3 |     9 ||    12
Dodge: Dodged            |     8 |    21 ||    29
